 Dungeon Crawl Stone Soup version 0.28-a0-500-g121bc3e445 (webtiles) character file.

Game seed: 1470862853931628864

1624 Demosthentine the Spear-Bearer (level 8, -22/65 HPs)
             Began as a Merfolk Gladiator on Sept 20, 2021.
             Annihilated by a boulder beetle (25 damage)
             ... on level 6 of the Dungeon.
             The game lasted 00:04:18 (5487 turns).

Demosthentine the Spear-Bearer (Merfolk Gladiator)  Turns: 5487, Time: 00:04:19

Health: -22/65     AC:  6    Str: 16    XL:     8   Next: 97%
Magic:  8/8        EV: 15    Int:  8    God:
Gold:   290        SH:  0    Dex: 15    Spells: 7/7 levels left

rFire   + . .      SeeInvis .   a - +1 trident
rCold   + + .      Faith    .   (no shield)
rNeg    . . .      Spirit   .   b - +0 leather armour
rPois   .          Reflect  .   c - +1 helmet
rElec   .          Harm     .   g - scarf {rC+ rF+}
rCorr   .          Rampage  .   o - +0 pair of gloves
Will    .....                   (no boots)
Stlth   +.........              (no amulet)
HPRegen 0.20/turn               i - ring of protection from cold
MPRegen 0.11/turn               (no ring)

@: no status effects
A: (nimble swimmer 2), mertail
a: no special abilities


You were on level 6 of the Dungeon.
You visited 1 branch of the dungeon, and saw 6 of its levels.

You collected 290 gold pieces.

Inventory:

Hand Weapons
 a - a +1 trident (weapon)
Armour
 b - a +0 leather armour (worn)
 c - a +1 helmet (worn)
 g - a scarf of resistance (worn)
 o - a +0 pair of gloves (worn)
Jewellery
 i - a ring of protection from cold (left hand)
Scrolls
 h - 4 scrolls of teleportation
 j - a scroll of identify
 k - a scroll of amnesia
 n - a scroll of blinking
 p - a scroll of enchant weapon
Potions
 e - a potion of ambrosia
 f - 5 potions of curing {unknown}
 l - a potion of might
 q - a potion of lignification {unknown}
 r - a potion of attraction {unknown}


   Skills:
 + Level 6.3 Fighting
 + Level 9.1 Polearms
 - Level 2.0 Throwing
 + Level 4.0 Armour
 + Level 8.2 Dodging


You had 7 spell levels left.
You didn't know any spells.
Your spell library contained the following spells:

 Spells                   Type           Power      Damage    Failure   Level
 Ensorcelled Hibernation  Hex/Ice        0%         N/A       61%         2
 Gell's Gravitas          Tloc           0%         N/A       83%         3
 Lesser Beckoning         Tloc           0%         N/A       83%         3
 Teleport Other           Tloc           0%         N/A       83%         3
 Tukima's Dance           Hex            0%         N/A       83%         3
 Freezing Cloud           Conj/Ice/Air   0%         6-21      100%        5
 Simulacrum               Ice/Necr       0%         N/A       100%        6
 Polar Vortex             Ice            0%         N/A       100%        9


Dungeon Overview and Level Annotations

Branches:
Dungeon (5/15)
 Temple: D:4-7

Altars:

Shops:
D:4 [

Annotations:
D:3 2 transporters


Innate Abilities, Weirdness & Mutations

((You are quick and stealthy near water. (Stealth+, EV+, Speed+++)))
Your lower body shifts to a powerful aquatic tail in water.


Message History

You are too injured to fight recklessly!
You are too injured to fight recklessly!
You are too injured to fight recklessly!
You are too injured to fight recklessly!
You are too injured to fight recklessly!
You are too injured to fight recklessly!
You are too injured to fight recklessly!
You are too injured to fight recklessly!
You are too injured to fight recklessly!
You are too injured to fight recklessly!
You are too injured to fight recklessly!
You hit the boulder beetle but do no damage.
The boulder beetle is lightly wounded.
The boulder beetle barely misses you.
You hit the boulder beetle but do no damage.
The boulder beetle is lightly wounded.
The boulder beetle barely misses you.
You hit the boulder beetle but do no damage.
The boulder beetle is lightly wounded.
The boulder beetle closely misses you.
You hit the boulder beetle but do no damage.
The boulder beetle is lightly wounded.
You hit the boulder beetle but do no damage.
The boulder beetle is lightly wounded.
The boulder beetle bites you.
You hit the boulder beetle but do no damage.
The boulder beetle is lightly wounded.
The boulder beetle barely misses you.
You hit the boulder beetle but do no damage.
The boulder beetle is lightly wounded.
The boulder beetle bites you!
* * * LOW HITPOINT WARNING * * *
You hit the boulder beetle but do no damage.
The boulder beetle is lightly wounded.
The boulder beetle bites you.
* * * LOW HITPOINT WARNING * * *
You hit the boulder beetle but do no damage.
The boulder beetle is lightly wounded.
The boulder beetle bites you!!
You die...

# #. #.#
#..######
##.......#
##........#
#......B..#
.......@..#
..........#
..........#
.........##
.......>.#
.........###
...........###
.......##....####
......#
##......####


You could see a boulder beetle.

Vanquished Creatures
  A two-headed ogre (D:5)
  An ogre (D:4)
  A centaur (D:6)
  3 phantoms
  A scorpion (D:5)
  A water moccasin zombie (D:5)
  A water moccasin skeleton (D:5)
  2 hounds
  A gnoll shaman (D:5)
  A scorpion zombie (D:5)
  Ijyb (D:3)
  4 iguanas
  Natasha (thrice) (D:3)
  A hound zombie (D:4)
  3 gnolls (D:5)
  A howler monkey skeleton (D:5)
  2 white imps
  An adder skeleton (D:4)
  A worm (D:3)
  A dart slug (D:5)
  7 orcs
  2 ball pythons
  3 endoplasms
  7 hobgoblins
  2 jackals (D:2)
  5 kobolds
  2 quokkas
  A bat (D:2)
  4 frilled lizards
  4 goblins
  5 rats
73 creatures vanquished.

Notes
Turn   | Place    | Note
-------+----------+-------------------------------------------
     0 | D:1      | Demosthentine the Merfolk Gladiator began the quest for the
                  | Orb.
     0 | D:1      | Reached XP level 1. HP: 16/16 MP: 1/1
   450 | D:1      | Reached XP level 2. HP: 23/23 MP: 2/2
  1653 | D:2      | Reached XP level 3. HP: 28/28 MP: 3/3
  2016 | D:3      | Noticed a phantom
  2044 | D:3      | Killed a phantom
  2045 | D:3      | Reached skill level 5 in Polearms
  2045 | D:3      | Reached skill level 1 in Armour
  2045 | D:3      | Reached XP level 4. HP: 10/35 MP: 4/4
  2306 | D:3      | Noticed Natasha
  2309 | D:3      | Killed Natasha
  2310 | D:3      | Reached skill level 5 in Dodging
  2310 | D:3      | Reached XP level 5. HP: 41/41 MP: 5/5
  2477 | D:3      | Noticed Natasha
  2484 | D:3      | Killed Natasha
  2489 | D:3      | Noticed Natasha
  2496 | D:3      | Killed Natasha
  2819 | D:3      | Found a transporter.
  2823 | D:3      | Noticed a kobold demonologist
  2834 | D:3      | Found a transporter.
  2969 | D:3      | Noticed Ijyb
  3040 | D:3      | HP: 2/41 [Ijyb (4)]
  3049 | D:3      | Killed Ijyb
  3050 | D:3      | Reached skill level 6 in Polearms
  3465 | D:4      | Noticed an ogre
  3494 | D:4      | Reached XP level 6. HP: 26/48 MP: 6/6
  4203 | D:4      | Found Jaobaezo's Antique Armour Shoppe.
  4273 | D:5      | Entered Level 5 of the Dungeon
  4302 | D:5      | Reached XP level 7. HP: 49/55 MP: 7/7
  4430 | D:5      | Reached skill level 7 in Polearms
  4646 | D:5      | Noticed a two-headed ogre
  4683 | D:5      | Killed a two-headed ogre
  4684 | D:5      | Reached skill level 5 in Fighting
  4684 | D:5      | Reached skill level 8 in Polearms
  4684 | D:5      | Reached XP level 8. HP: 35/64 MP: 8/8
  5210 | D:5      | You fall into a shaft and drop 1 floor!
  5225 | D:6      | Reached skill level 9 in Polearms
  5450 | D:6      | Noticed a boulder beetle
  5486 | D:6      | HP: 3/65 [boulder beetle (3)]
  5487 | D:6      | Annihilated by a boulder beetle

Illustrated notes

Levels and vault maps discovered:
D:1:      wander_arrival_abandoned_jail, layout_loops_corners
D:2:      layout_loops_ring, corexii_leaking_fountain
D:3:      gammafunk_wand_slinger, layout_loops_corners, uniq_ijyb, uniq_natasha
D:4:      layout_rooms, serial_shops, kennysheep_little_box, minmay_statues_item
D:5:      layout_basic, amcnicky_mini_pool_medium, uniq_pikel
D:6:      layout_cave_pods

Skill      XL: |  1  2  3  4  5  6  7  8 |
---------------+-------------------------+-----
Fighting       | 3 4 5 6 |  6.3
Polearms       | 5 6 8 9 |  9.1
Armour         | 1 2 3 4 |  4.0
Dodging        | 5 6 7 8 |  8.2
Throwing       | |  2.0

Action                   |  1- 3 |  4- 6 |  7- 9 || total
-------------------------+-------+-------+-------++-------
Melee: Trident           |   109 |   108 |   161 ||   378
       Unarmed           |       |    35 |       ||    35
Throw: Throwing net      |       |     3 |     3 ||     6
  Use: Scroll            |     6 |     5 |       ||    11
       Potion            |     1 |       |     2 ||     3
 Stab: Sleeping          |       |     2 |       ||     2
       Held in net/web   |       |     1 |     4 ||     5
Armor: Leather armour    |    25 |    16 |    35 ||    76
Dodge: Dodged            |    57 |    66 |   103 ||   226

Table legend: (Time is in decaauts)
 A = Elapsed time spent in this place.
 B = Non-inter-level travel time spent in this place.
 C = Inter-level travel time spent in this place.
 D = Time resting spent in this place.
 E = Time spent auto-exploring this place.
 F = Levels seen in this place.
 G = Mean time per level.
                   A        B        C        D        E       F      G
               +--------+--------+--------+--------+--------+-----+--------+
         Total |   5464 |   5372 |     92 |      0 |   4600 |   6 |  910.7 |
       Dungeon |   5464 |   5372 |     92 |      0 |   4600 |   6 |  910.7 |
               +--------+--------+--------+--------+--------+-----+--------+

Top non-repeatable levels by time:
     D:3: 1439 daAuts
     D:2: 1035 daAuts
     D:1: 986 daAuts
     D:5: 920 daAuts
     D:4: 813 daAuts
     D:6: 269 daAuts
